 Dungeon Crawl Stone Soup version 0.27.1-1-g398f81649c (webtiles) character file.

Game seed: 3445042708866658691

30 Descartes the Scratcher (level 3, 0/15 HPs)
             Began as a Felid Transmuter on Sept 11, 2021.
             Slain by a jackal (3 damage)
             ... on level 2 of the Dungeon.
             The game lasted 00:01:30 (1523 turns).

Descartes the Scratcher (Felid Transmuter)          Turns: 1523, Time: 00:01:31

Health: 0/15       AC:  1    Str:  7    XL:     3   Next: 3%
Magic:  7/7        EV: 18    Int: 14    God:
Gold:   37         SH:  0    Dex: 16    Spells: 5/6 levels left
                                        Lives:  0   Deaths: 0

rFire    . . .     SeeInvis +     - Unarmed
rCold    . . .     Faith    .   (shield unavailable)
rNeg     . . .     Spirit   .   (armour unavailable)
rPois    .         Reflect  .   (helmet unavailable)
rElec    .         Harm     .   (cloak unavailable)
rCorr    .         Rampage  .   (gloves unavailable)
Will     .....                  (boots unavailable)
Stlth    ++........             (no amulet)
HPRegen  0.05/turn              (no ring)
MPRegen  0.10/turn              (no ring)

@: quick
A: very small, claws 1, fangs 3, see invisible, speed 1, shaggy fur 1, stealthy
paws, no weapons or thrown items, no armour, multi-lived
a: no special abilities


You were on level 2 of the Dungeon.
You visited 1 branch of the dungeon, and saw 2 of its levels.

You collected 37 gold pieces.

Inventory:

Scrolls
 c - 2 scrolls of identify {unknown}
 e - a scroll of magic mapping {unknown}
Potions
 a - a potion of brilliance {unknown}
 b - 3 potions of heal wounds {unknown}
 d - a potion of flight {unknown}


   Skills:
 - Level 1.0 Fighting
 + Level 3.2 Dodging
 * Level 2.3 Stealth
 + Level 3.2 Unarmed Combat
 - Level 2.0 Spellcasting
 + Level 2.6 Transmutations


You had 5 spell levels left.
You knew the following spells:

 Your Spells              Type           Power      Damage    Failure   Level
a - Beastly Appendage     Tmut           16%        N/A       9%          1

Your spell library contained the following spells:

 Spells                   Type           Power      Damage    Failure   Level
 Wereblood                Tmut           8%         N/A       12%         2
 Spider Form              Tmut/Pois      2%         N/A       38%         3
 Ozocubu's Armour         Ice            1%         N/A       56%         3
 Ice Form                 Ice/Tmut       5%         N/A       80%         4
 Metabolic Englaciation   Hex/Ice        0%         N/A       100%        5
 Simulacrum               Ice/Necr       0%         N/A       100%        6


Dungeon Overview and Level Annotations

Branches:
Dungeon (2/15)

Altars:


Innate Abilities, Weirdness & Mutations

You have sharp claws.
You have razor-sharp teeth.
You have supernaturally acute eyesight. (SInv)
You cover ground quickly. (Speed+)
You are covered in fur. (AC +1)
Your paws help you pounce on unaware monsters.
You are incapable of wielding weapons or throwing items.
You cannot wear armour.
You gain extra lives every three experience levels.


Message History

The jackal barely misses you.
You barely miss the jackal. The jackal closely misses you.
You barely miss the jackal. The jackal misses you.
The jackal completely misses you.
You miss the jackal. The jackal misses you.
You scratch the jackal.
The jackal is heavily wounded.
The jackal completely misses you.
You scratch the jackal but do no damage.
You bite the jackal.
The jackal is severely wounded.
The jackal barely misses you. The jackal bites you.
You scratch the jackal but do no damage.
The jackal is severely wounded.
The jackal completely misses you.
You closely miss the jackal.
The jackal is severely wounded.
The jackal barely misses you.
You scratch the jackal.
You kill the jackal!
The jackal closely misses you.
You barely miss the jackal. The jackal misses you.
You closely miss the jackal. The jackal barely misses you.
You closely miss the jackal. You bite the jackal.
The jackal is lightly wounded.
The jackal completely misses you. The jackal bites you.
You are too injured to fight recklessly!
You are too injured to fight recklessly!
You scratch the jackal.
The jackal is almost dead.
The jackal closely misses you.
You barely miss the jackal.
The jackal is almost dead.
The jackal bites you.
You closely miss the jackal. You bite the jackal.
The jackal is almost dead.
The jackal bites you.
* * * LOW HITPOINT WARNING * * *
The jackal bites you.
You die...

###################
#.........<........
#.#########........
#.# #†####### #.#
#.# #.# #@# #.# #h#
#.# #.# #.# #.# #.#
#(# #.# #.# #.# #.#
#.# #.# #.# #.#


You could see a jackal.

Vanquished Creatures
  2 dart slugs (D:1)
  2 endoplasms
  3 goblins (D:1)
  4 hobgoblins
  2 jackals (D:2)
  3 ball pythons
  A bat (D:1)
  A frilled lizard (D:1)
  2 kobolds (D:1)
  4 rats (D:1)
24 creatures vanquished.

Notes
Turn   | Place    | Note
-------+----------+-------------------------------------------
     0 | D:1      | Descartes the Felid Transmuter began the quest for the Orb.
     0 | D:1      | Reached XP level 1. HP: 9/9 MP: 4/4
   386 | D:1      | Found a faded altar of an unknown god.
   389 | D:1      | Reached skill level 1 in Stealth
   450 | D:1      | Reached XP level 2. HP: 8/12 MP: 6/6
  1508 | D:2      | Reached XP level 3. HP: 13/15 MP: 7/7
  1523 | D:2      | Slain by a jackal

Illustrated notes

Levels and vault maps discovered:
D:1:      dpeg_arrival_rooms_c, layout_basic, ebering_ecumenical_altar_abandoned
D:2:      layout_basic, kennysheep_cluttered_room, grunt_ministairs_8

Skill      XL: |  1  2 |
---------------+-------+-----
Stealth        | 1 2 |  2.3
Dodging        | 3 |  3.2
Fighting       | |  1.0
Unarmed Combat | |  3.2
Spellcasting   | |  2.0
Transmutations | |  2.6

Action                   || total
-------------------------++-------
Melee: Unarmed           ||    75
       Bite              ||     8
       Punch             ||     1
 Stab: Sleeping          ||     2
Armor: Skin              ||     4
Dodge: Dodged            ||    51
